General information
			
			
        
        - name: BNet
 
        - type: Ladder team game (AT/RT)
 
        - host: Battle.net
 
        - saver: SEEHOWWEFALL
 
        
map: Battleground 
        - players: 8
 
        - length: 18:01
 
        - speed: Fast
 - version: 1.28 W3XP
 - replay type:  Public
 
» download(183 KB)
Players
        team 1 (loser) 
              
              
ShaggyDI (
teal | 48 APM | 674 actions | 13:57)
              
 4 Mountain King 
 2 Storm Bolt
 2 Bash
 
                » actions 
                
                | Assign group hotkey | 1 |  | 
| Basic commands | 7 |  | 
| Build / train | 45 |  | 
| Enter build submenu | 13 |  | 
| Enter hero's abilities submenu | 4 |  | 
| Right click | 343 |  | 
| Select / deselect | 219 |  | 
| Select group hotkey | 8 |  | 
| Use ability | 34 |  | 
                674 total
 » units 
                » upgrades
                
                | Gunpowder | 2 |  | 
| Armor | 2 |  | 
| Long Rifles | 1 |  | 
| Lumber Harvesting | 1 |  | 
| Masonry | 1 |  | 
                7 total
 » buildings
                
                | Farm | 7 |  | 
| Blacksmith | 1 |  | 
| Altar of Kings | 1 |  | 
| Barracks | 1 |  | 
| Lumber Mill | 1 |  | 
| Arcane Vault | 1 |  | 
| Keep | 1 |  | 
| Arcane Sanctum | 1 |  | 
                14 total
 » build order
                01:06 Farm
01:07 Blacksmith
01:09 Altar of Kings
01:14 Barracks
01:20 Farm
01:34 Farm
02:45 Farm
03:19 Farm
04:13 Lumber Mill
06:16 Arcane Vault
08:45 Keep
10:22 Farm
10:23 Farm
12:23 Arcane Sanctum
» items
                
                | Scroll of Regeneration | 2 |  | 
| Lesser Clarity Potion | 2 |  | 
                4 total
  
               
              
              
VoRKiN (
purple | 79 APM | 1433 actions | 18:01)
              
 6 Dreadlord 
 3 Sleep
 2 Vampiric Aura
 1 Inferno
 
                » actions 
                
                | Assign group hotkey | 227 |  | 
| Basic commands | 39 |  | 
| Build / train | 36 |  | 
| ESC pressed | 1 |  | 
| Enter build submenu | 9 |  | 
| Enter hero's abilities submenu | 6 |  | 
| Remove unit from queue | 1 |  | 
| Right click | 651 |  | 
| Select / deselect | 304 |  | 
| Select group hotkey | 115 |  | 
| Use ability | 44 |  | 
                1433 total
 » units 
                » upgrades
                » buildings
                
                | Altar of Darkness | 1 |  | 
| Crypt | 2 |  | 
| Ziggurat | 4 |  | 
| Tomb of Relics | 1 |  | 
| Halls of the Dead | 1 |  | 
| Graveyard | 1 |  | 
| Black Citadel | 1 |  | 
| Spirit Tower | 1 |  | 
                12 total
 » build order
                00:05 Altar of Darkness
00:07 Crypt
00:22 Ziggurat
00:48 Tomb of Relics
01:23 Halls of the Dead
01:29 Graveyard
01:32 Crypt
01:57 Ziggurat
03:30 Ziggurat
03:35 Ziggurat
06:01 Black Citadel
10:40 Spirit Tower
» items
                
                | Rod of Necromancy | 1 |  | 
| Scroll of Town Portal | 1 |  | 
                2 total
  
               
              
              
Blueskies (
blue | 6 APM | 106 actions | 18:01)
              
                » actions 
                
                | Right click | 5 |  | 
| Select / deselect | 98 |  | 
| Use ability | 2 |  | 
                106 total
  
               
              
              
SEEHOWWEFALL (
green | 90 APM | 1622 actions | 18:01)
              
 4 Archmage 
 2 Summon Water Elemental
 2 Brilliance Aura
 2 Goblin Alchemist 
 1 Healing Spray
 1 Acid Bomb
 1 Mountain King 
 1 Storm Bolt
 
                » actions 
                
                | Assign group hotkey | 69 |  | 
| Basic commands | 98 |  | 
| Build / train | 101 |  | 
| ESC pressed | 16 |  | 
| Enter build submenu | 38 |  | 
| Enter hero's abilities submenu | 7 |  | 
| Give item / drop item | 1 |  | 
| Remove unit from queue | 2 |  | 
| Right click | 480 |  | 
| Select / deselect | 268 |  | 
| Select group hotkey | 395 |  | 
| Use ability | 147 |  | 
                1622 total
 » units 
                
                | Peasant | 23 |  | 
| Footman | 3 |  | 
| Rifleman | 10 |  | 
| Forest Troll Berserker | 1 |  | 
| Forest Troll Shadow Priest | 2 |  | 
                39 total
 » upgrades
                
                | Gunpowder | 2 |  | 
| Long Rifles | 1 |  | 
| Armor | 1 |  | 
| Masonry | 1 |  | 
                5 total
 » buildings
                
                | Altar of Kings | 1 |  | 
| Barracks | 1 |  | 
| Farm | 6 |  | 
| Arcane Vault | 1 |  | 
| Blacksmith | 1 |  | 
| Keep | 2 |  | 
| Lumber Mill | 1 |  | 
| Town Hall | 1 |  | 
| Scout Tower | 21 |  | 
| Castle | 1 |  | 
| Guard Tower | 23 |  | 
                59 total
 » build order
                00:52 Altar of Kings
00:54 Barracks
00:55 Farm
01:09 Farm
02:00 Arcane Vault
02:02 Farm
03:07 Blacksmith
03:22 Keep
03:22 Keep
05:06 Farm
05:07 Farm
05:35 Lumber Mill
06:28 Farm
07:16 Town Hall
07:18 Scout Tower
07:18 Scout Tower
07:20 Scout Tower
07:21 Scout Tower
07:45 Castle
08:36 Guard Tower
08:36 Guard Tower
10:47 Scout Tower
11:39 Scout Tower
11:48 Guard Tower
11:48 Guard Tower
11:50 Scout Tower
11:50 Scout Tower
11:51 Scout Tower
11:53 Scout Tower
12:45 Guard Tower
12:45 Guard Tower
12:54 Guard Tower
12:54 Guard Tower
12:54 Guard Tower
13:02 Guard Tower
13:02 Guard Tower
14:19 Scout Tower
14:19 Scout Tower
14:20 Scout Tower
14:21 Scout Tower
14:31 Scout Tower
14:43 Scout Tower
14:47 Scout Tower
14:48 Scout Tower
15:20 Guard Tower
15:20 Guard Tower
15:39 Guard Tower
15:39 Guard Tower
15:42 Scout Tower
16:24 Guard Tower
16:24 Guard Tower
16:37 Scout Tower
16:39 Scout Tower
17:08 Guard Tower
17:08 Guard Tower
17:09 Guard Tower
17:09 Guard Tower
17:39 Guard Tower
17:39 Guard Tower
» items
                
                | Scroll of Regeneration | 4 |  | 
| Mechanical Critter | 2 |  | 
| Potion of Healing | 2 |  | 
| Scroll of Town Portal | 1 |  | 
| Orb of Fire | 1 |  | 
| Boots of Speed | 1 |  | 
| Periapt of Vitality | 1 |  | 
| Potion of Lesser Invulnerability | 1 |  | 
| Scroll of Protection | 1 |  | 
| Ivory Tower | 1 |  | 
                15 total
  
               team 2 (winner) 
              
              
» 
Le_bon (
red | 88 APM | 1579 actions | 18:01)
              
 5 Mountain King 
 3 Storm Bolt
 2 Bash
 
                » actions 
                
                | Assign group hotkey | 40 |  | 
| Basic commands | 17 |  | 
| Build / train | 50 |  | 
| Enter build submenu | 20 |  | 
| Enter hero's abilities submenu | 5 |  | 
| Give item / drop item | 2 |  | 
| Remove unit from queue | 1 |  | 
| Right click | 712 |  | 
| Select / deselect | 302 |  | 
| Select group hotkey | 374 |  | 
| Use ability | 56 |  | 
                1579 total
 » units 
                » upgrades
                
                | Gunpowder | 3 |  | 
| Long Rifles | 1 |  | 
| Armor | 3 |  | 
                7 total
 » buildings
                
                | Altar of Kings | 1 |  | 
| Farm | 10 |  | 
| Blacksmith | 2 |  | 
| Barracks | 2 |  | 
| Arcane Vault | 1 |  | 
| Keep | 1 |  | 
| Scout Tower | 1 |  | 
| Arcane Tower | 1 |  | 
| Castle | 1 |  | 
| Town Hall | 1 |  | 
| Lumber Mill | 1 |  | 
                22 total
 » build order
                00:04 Altar of Kings
00:22 Farm
00:57 Blacksmith
01:16 Farm
01:52 Barracks
01:53 Barracks
02:26 Farm
03:09 Farm
06:28 Farm
06:30 Blacksmith
06:37 Farm
06:46 Arcane Vault
06:52 Keep
07:47 Farm
07:48 Scout Tower
08:31 Arcane Tower
12:33 Castle
13:35 Farm
14:52 Farm
14:53 Farm
16:11 Town Hall
16:29 Lumber Mill
» items
                
                | Scroll of Regeneration | 2 |  | 
| Lesser Clarity Potion | 1 |  | 
| Scroll of Town Portal | 1 |  | 
| Potion of Healing | 2 |  | 
| Boots of Speed | 1 |  | 
| Potion of Lesser Invulnerability | 1 |  | 
| Scroll of Healing | 1 |  | 
| Periapt of Vitality | 1 |  | 
                10 total
  
               
              
              
» 
FilthyMexican (
orange | 47 APM | 853 actions | 18:01)
              
 5 Naga Sea Witch 
 3 Frost Arrows
 2 Forked Lightning
 
                » actions 
                
                | Assign group hotkey | 22 |  | 
| Basic commands | 210 |  | 
| Build / train | 46 |  | 
| Enter build submenu | 16 |  | 
| Enter hero's abilities submenu | 5 |  | 
| Give item / drop item | 2 |  | 
| Right click | 219 |  | 
| Select / deselect | 201 |  | 
| Select group hotkey | 73 |  | 
| Use ability | 59 |  | 
                853 total
 » units 
                
                | Peasant | 6 |  | 
| Rifleman | 15 |  | 
| Forest Troll Shadow Priest | 2 |  | 
| Forest Troll Berserker | 1 |  | 
| Mud Golem | 1 |  | 
                25 total
 » upgrades
                
                | Gunpowder | 2 |  | 
| Armor | 2 |  | 
| Long Rifles | 1 |  | 
                5 total
 » buildings
                
                | Farm | 10 |  | 
| Altar of Kings | 1 |  | 
| Blacksmith | 1 |  | 
| Barracks | 1 |  | 
| Arcane Vault | 1 |  | 
| Keep | 1 |  | 
| Castle | 1 |  | 
| Lumber Mill | 1 |  | 
                17 total
 » build order
                00:48 Farm
01:04 Altar of Kings
01:19 Blacksmith
01:24 Farm
01:34 Barracks
02:53 Farm
03:02 Farm
03:35 Farm
04:21 Farm
04:24 Farm
05:27 Farm
05:31 Arcane Vault
08:46 Keep
09:49 Farm
12:44 Castle
13:16 Farm
13:43 Lumber Mill
» items
                
                | Circlet of Nobility | 3 |  | 
| Boots of Speed | 1 |  | 
| Scroll of Regeneration | 2 |  | 
| Lesser Clarity Potion | 2 |  | 
                8 total
  
               
              
              
» 
eat_a_deck (
pink | 46 APM | 827 actions | 18:01)
              
 4 Death Knight 
 2 Death Coil
 2 Unholy Aura
 3 Dark Ranger 
 2 Black Arrow
 1 Silence
 
                » actions 
                
                | Assign group hotkey | 15 |  | 
| Basic commands | 3 |  | 
| Build / train | 39 |  | 
| Enter build submenu | 15 |  | 
| Enter hero's abilities submenu | 7 |  | 
| Right click | 345 |  | 
| Select / deselect | 166 |  | 
| Select group hotkey | 196 |  | 
| Use ability | 41 |  | 
                827 total
 » units 
                
                | Acolyte | 2 |  | 
| Ghoul | 3 |  | 
| Crypt Fiend | 7 |  | 
| Frost Wyrm | 4 |  | 
                16 total
 » upgrades
                
                | Creature Attack | 3 |  | 
| Web | 1 |  | 
| Creature Carapace | 2 |  | 
| Freezing Breath | 1 |  | 
| Ghoul Frenzy | 1 |  | 
                8 total
 » buildings
                
                | Graveyard | 1 |  | 
| Crypt | 1 |  | 
| Altar of Darkness | 1 |  | 
| Ziggurat | 7 |  | 
| Tomb of Relics | 1 |  | 
| Nerubian Tower | 1 |  | 
| Halls of the Dead | 1 |  | 
| Black Citadel | 1 |  | 
| Sacrificial Pit | 1 |  | 
| Boneyard | 2 |  | 
                17 total
 » build order
                00:19 Graveyard
00:26 Crypt
00:46 Altar of Darkness
01:01 Ziggurat
01:18 Ziggurat
01:50 Tomb of Relics
02:21 Nerubian Tower
02:42 Ziggurat
02:45 Ziggurat
03:08 Halls of the Dead
05:41 Black Citadel
06:15 Sacrificial Pit
06:18 Ziggurat
06:19 Ziggurat
08:29 Boneyard
08:31 Boneyard
14:09 Ziggurat
» items
                
                | Rod of Necromancy | 1 |  | 
| Scroll of Town Portal | 1 |  | 
                2 total
  
               
              
              
HALTSCUM! (
yellow | 56 APM | 1011 actions | 18:01)
              
 4 Archmage 
 2 Summon Water Elemental
 2 Brilliance Aura
 
                » actions 
                
                | Assign group hotkey | 42 |  | 
| Basic commands | 20 |  | 
| Build / train | 46 |  | 
| Enter build submenu | 41 |  | 
| Enter hero's abilities submenu | 5 |  | 
| Right click | 403 |  | 
| Select / deselect | 301 |  | 
| Select group hotkey | 84 |  | 
| Use ability | 69 |  | 
                1011 total
 » units 
                
                | Peasant | 12 |  | 
| Footman | 4 |  | 
| Dragonhawk Rider | 3 |  | 
| Gryphon Rider | 2 |  | 
                21 total
 » upgrades
                
                | Lumber Harvesting | 2 |  | 
| Cloud | 1 |  | 
| Swords | 1 |  | 
| Armor | 1 |  | 
| Animal War Training | 1 |  | 
| Masonry | 3 |  | 
| Storm Hammers | 1 |  | 
                10 total
 » buildings
                
                | Altar of Kings | 1 |  | 
| Barracks | 1 |  | 
| Farm | 11 |  | 
| Scout Tower | 18 |  | 
| Arcane Tower | 1 |  | 
| Keep | 1 |  | 
| Lumber Mill | 2 |  | 
| Arcane Vault | 2 |  | 
| Castle | 1 |  | 
| Gryphon Aviary | 4 |  | 
| Blacksmith | 2 |  | 
| Town Hall | 1 |  | 
| Guard Tower | 5 |  | 
                50 total
 » build order
                00:49 Altar of Kings
00:51 Barracks
00:53 Farm
00:54 Farm
01:04 Farm
01:33 Farm
02:06 Scout Tower
02:41 Arcane Tower
03:44 Keep
03:49 Lumber Mill
05:02 Arcane Vault
06:15 Castle
06:22 Gryphon Aviary
06:24 Gryphon Aviary
06:28 Gryphon Aviary
06:30 Blacksmith
06:32 Blacksmith
08:34 Town Hall
08:38 Scout Tower
08:38 Scout Tower
08:39 Scout Tower
08:39 Scout Tower
08:44 Scout Tower
09:08 Guard Tower
09:11 Scout Tower
09:11 Scout Tower
09:19 Arcane Vault
09:22 Scout Tower
09:22 Scout Tower
09:25 Guard Tower
09:51 Guard Tower
10:28 Guard Tower
12:54 Lumber Mill
14:19 Scout Tower
14:20 Scout Tower
14:21 Scout Tower
14:21 Scout Tower
14:24 Scout Tower
14:24 Scout Tower
14:25 Scout Tower
14:25 Scout Tower
15:55 Guard Tower
16:42 Farm
16:42 Farm
16:45 Farm
16:46 Farm
16:53 Gryphon Aviary
16:57 Farm
16:57 Farm
16:57 Farm
» items
                 
                Chat log
          (00:15 / All) FilthyMexican: Wew
(00:17 / All) FilthyMexican: Fast load
(07:56 / Allies) VoRKiN: green hi
(08:06 / Allies) VoRKiN: nvmn gg
(08:06 / Allies) SEEHOWWEFALL: omw
(08:15 / Allies) VoRKiN: after we all die
(08:16 / Allies) VoRKiN: good job
(08:18 / Allies) SEEHOWWEFALL: move rifles teal
(08:20 / Allies) SEEHOWWEFALL: blocking me
(08:21 / Allies) SEEHOWWEFALL: ty purp
(08:23 / Allies) SEEHOWWEFALL: try my best
(08:27 / Allies) VoRKiN: fu
(08:29 / Allies) SEEHOWWEFALL: still saved ur ass
(08:31 / Allies) SEEHOWWEFALL: quit whining
(08:32 / Allies) VoRKiN: u did not
(08:38 / Allies) SEEHOWWEFALL: quit whining
(08:46 / Allies) VoRKiN: np i stab
(08:51 / Allies) SEEHOWWEFALL: idiot
(08:59 / Allies) ShaggyDI: haha u crept all mid?
(09:04 / Allies) VoRKiN: yes almost level 6
(09:08 / Allies) VoRKiN: but now i kill green
(09:09 / Allies) VoRKiN: for asshole
(09:13 / Allies) SEEHOWWEFALL: you're an asshole dude
(09:17 / Allies) SEEHOWWEFALL: I helped and all you do is complain
(09:18 / Allies) VoRKiN: letting us die
(09:18 / Allies) VoRKiN: 4v3
(09:21 / Allies) SEEHOWWEFALL: help me kill purp
(09:24 / Allies) SEEHOWWEFALL: he's tking over nothing
(09:27 / Allies) VoRKiN: then mocking us
(09:29 / Allies) VoRKiN: and saying u saved us
(09:33 / Allies) VoRKiN: what a load of shit
(09:36 / Allies) SEEHOWWEFALL: you would have tked over anything
(09:45 / Allies) VoRKiN: not over an ally who helped
(09:56 / Allies) SEEHOWWEFALL: I did help you prick
(10:01 / Allies) VoRKiN: after we whole army deid
(10:18 / Allies) VoRKiN: i quit once u quit
(11:04 / Allies) SEEHOWWEFALL: I sent their team messages saying to hit you
(11:10 / Allies) VoRKiN: good
(12:37 / Allies) SEEHOWWEFALL: good one purp lol can't even stab right
(13:04 / Allies) SEEHOWWEFALL: retard
(13:12 / Allies) SEEHOWWEFALL: better luck ur next stab
(13:26 / Allies) VoRKiN: stab would be easy
(13:28 / Allies) ShaggyDI: so i was getting double teamed all game
(13:30 / Allies) SEEHOWWEFALL: you're easy
(13:31 / Allies) VoRKiN: if u didnt let our whole army died
(13:31 / Allies) ShaggyDI: what did i miss
(13:34 / Allies) VoRKiN: 4v2
(13:35 / Allies) SEEHOWWEFALL: I didn't do shit
(13:39 / Allies) VoRKiN: exactly
(13:41 / Allies) SEEHOWWEFALL: I helped my team and you were a faggot about it
(13:41 / Allies) VoRKiN: u didnt do shit
(13:44 / Allies) SEEHOWWEFALL: and whined I didn't help the way you want
(13:46 / Allies) SEEHOWWEFALL: play solo faggot
(13:47 / Allies) VoRKiN: u dod fuck all
(13:59 / Allies) VoRKiN: u dont even save teal
(14:04 / Allies) SEEHOWWEFALL: I don't have enough to
(14:04 / Allies) VoRKiN: u just sit in ur base
(14:05 / Allies) VoRKiN: idiot
(14:06 / Allies) SEEHOWWEFALL: look at my army retard
(14:10 / Allies) VoRKiN: thats what happens
(14:13 / Allies) VoRKiN: when u let ur allies die all game
(14:14 / Allies) VoRKiN: u wont have enough
(14:17 / Allies) SEEHOWWEFALL: that's what happens when a dumbass tks over nothing
(14:24 / Allies) VoRKiN: u let allies die
(14:26 / Allies) VoRKiN: 4v2
(14:29 / Allies) SEEHOWWEFALL: If I let an ally die you outright killed one you fucking inbred
(14:43 / Allies) VoRKiN: even tho my whole base is dead
(14:45 / Allies) VoRKiN: my score will be higher than yours
(14:49 / Allies) VoRKiN: that is how bad u played
(14:50 / Allies) SEEHOWWEFALL: no it won't
(14:53 / Allies) VoRKiN: it sure will
(14:56 / Allies) SEEHOWWEFALL: nope
(15:01 / Allies) VoRKiN: level 6 hero
(15:06 / Allies) VoRKiN: u dont even have level 4 noob
(15:07 / Allies) SEEHOWWEFALL: and even so score doesn't mean much but figures someone low IQ like you believes that
(15:16 / Allies) SEEHOWWEFALL: yeah cuz I was busy defending a tking retard
(15:20 / Allies) VoRKiN: even u let all allies die
(15:22 / Allies) VoRKiN: and even with expo
(15:24 / Allies) VoRKiN: u will still have lower score
(15:32 / Allies) SEEHOWWEFALL: I don't have an army to help since I was defending myself from your retard ass
(15:32 / Allies) VoRKiN: thats how bad
(16:50 / Allies) VoRKiN: time 4 u to get waped
(16:55 / Allies) VoRKiN: wittle noobie
(17:04 / All) FilthyMexican: omg
(17:13 / All) VoRKiN: yes it was 4v2
(17:18 / All) SEEHOWWEFALL: Purp is a dumbass
(17:19 / All) VoRKiN: green stays in his base and other guy unsummoned
(17:22 / All) FilthyMexican: Why not just quit
(17:23 / All) SEEHOWWEFALL: He tked because I didn't tp just when he wanted
(17:26 / All) VoRKiN: green got 20 towers
(17:29 / All) SEEHOWWEFALL: says I let an ally die he outright killed one LOL
(17:31 / All) VoRKiN: dont help any allies
(17:32 / All) SEEHOWWEFALL: or tried, he can't even do that right
(17:36 / All) SEEHOWWEFALL: what a douchebag
(17:38 / All) VoRKiN: he just tower and camp
(17:46 / All) SEEHOWWEFALL: towering since it's just me cuz of your retard ass
(17:53 / All) VoRKiN: towering cuz he wont help pards